 Dungeon Crawl Stone Soup version 0.32-a0-818-gb728d0252e (webtiles) character file.

Game seed: 5657875568118018195

396 porpoise the Shooter (level 6, 0/51 HPs)
             Began as a Barachi Hunter on Mar 24, 2024.
             Killed by nerve-wracking pain
             ... invoked by Grinder
              (6 damage)
             ... on level 4 of the Dungeon.
             The game lasted 00:07:38 (3046 turns).

porpoise the Shooter (Barachi Hunter)               Turns: 3046, Time: 00:07:39

Health: 0/51       AC:  6    Str: 13    XL:     6   Next: 83%
Magic:  6/6        EV: 10    Int:  9    God:
Gold:   187        SH:  0    Dex: 17    Spells: 5/5 levels left

rFire   . . .        a - +0 shortbow
rCold   . . .        (shield currently unavailable)
rNeg    . . .        d - +0 ring mail
rPois   .            (no helmet)
rElec   .            (no cloak)
rCorr   .            (no gloves)
SInv    .            i - +0 pair of boots
Will    .....        (no amulet)
Stlth   +            (no ring)
HPRegen 0.28/turn    (no ring)
MPRegen 0.10/turn

%: no passive effects
@: slow
A: amphibious, slowness 1, strong legs 1, +LOS
a: Hop


You were on level 4 of the Dungeon.
You visited 1 branch of the dungeon, and saw 4 of its levels.

You collected 187 gold pieces.

Inventory:

Hand Weapons
 a - a +0 shortbow (weapon)
 k - a +0 short sword of protection
 n - the +0 whip "Ziewen" {drain, +Blink rF+ rC+}
   (You found it on level 2 of the Dungeon)

   rF+:       It protects you from fire.
   rC+:       It protects you from cold.
   +Blink:    It lets you blink.
 v - the +2 spear of the Thieving Wasp {protect, rN++ rCorr}
   (You found it on level 3 of the Dungeon)

   rN++:      It greatly protects you from negative energy.
   rCorr:     It protects you from acid and corrosion.
Missiles
 u - a throwing net
Armour
 d - a +0 ring mail (worn)
 i - a +0 pair of boots (worn)
 j - the +2 buckler of Untold Secrets {Int+4}
   (You found it on level 2 of the Dungeon)

   Int+4:     It affects your intelligence (+4).
Scrolls
 b - a scroll of butterflies
 c - a scroll of enchant armour {unknown}
 e - a scroll of amnesia {unknown}
 f - a scroll of identify {unknown}
 g - 2 scrolls of teleportation {unknown}
 h - a scroll of torment {unknown}
 l - a scroll of revelation {unknown}
 m - a scroll of poison {unknown}
 o - 2 scrolls of summoning {unknown}
 s - a scroll of immolation {unknown}
 t - a scroll of enchant weapon {unknown}
Potions
 p - a potion of degeneration {unknown}
 q - a potion of heal wounds {unknown}
 r - 2 potions of haste {unknown}


   Skills:
 + Level 5.2 Fighting
 * Level 6.8 Ranged Weapons
 - Level 2.1 Dodging
 - Level 0.8 Stealth


You had 5 spell levels left.
You didn't know any spells.
Your spell library contained the following spells:

 Spells                   Type           Power      Damage    Failure   Level
 Necrotise                Necr           0%         1d4       65%         1
 Summon Small Mammal      Summ           0%         N/A       65%         1
 Call Canine Familiar     Summ           0%         N/A       95%         3
 Vampiric Draining        Necr           0%         2d6       95%         3
 Martyr's Knell           Necr/Summ      0%         N/A       100%        4
 Summon Blazeheart Golem  Fire/Summ      0%         N/A       100%        4
 Curse of Agony           Necr           0%         N/A       100%        5
 Iskenderun's Battlesphe  Conj           0%         2d6       100%        5
 Bombard                  Conj/Erth      0%         9d1       100%        6
 Spellforged Servitor     Conj/Summ      0%         N/A       100%        7


Dungeon Overview and Level Annotations

Branches:
Dungeon (4/15)
 Temple: D:4-7

Altars:
Wu Jian

Annotations:
D:3 exclusions: downstairs and 4 more exclusions
D:4 Grinder


Innate Abilities, Weirdness & Mutations

You are amphibious.
You cover ground slowly.
You can hop short distances.
You have an extended range of vision and can be seen from far away.


Message History

You shoot an arrow. The arrow hits Grinder.
Grinder is moderately wounded.
Grinder hits you.
You writhe in agony.
You shoot an arrow.
The arrow hits Grinder but does no damage.
Grinder is moderately wounded.
Grinder sighs, "No one appreciates my work."
Grinder gestures at you. Pain shoots through your body!
You shoot an arrow.
The arrow hits Grinder but does no damage.
Grinder is moderately wounded.
Grinder hits you but does no damage.
You shoot an arrow. The arrow barely misses Grinder.
Grinder hits you.
You writhe in agony.
You shoot an arrow. The arrow closely misses Grinder.
Grinder gestures at you. Pain shoots through your body!
Grinder gestures at you.
You suddenly lose the ability to move!
Grinder gestures at you. You resist with significant effort. Grinder hits you!
* * * LOW HITPOINT WARNING * * *
You writhe in agony.
* * * LOW HITPOINT WARNING * * *
Grinder hits you but does no damage.
You can move again.
Unknown command.
You shoot an arrow. The arrow barely misses Grinder.
Grinder zaps a wand.
You resist with some effort.
You shoot an arrow. The arrow hits Grinder!
Grinder is moderately wounded.
Grinder barely misses you.
You shoot an arrow. The arrow hits Grinder.
Grinder is heavily wounded.
Grinder gestures at you. Pain shoots through your body!
You die...
Grinder sighs, "Dead already?
I want a refund."

#.....).# +.......#
#.......# ##......#
#......# #......####
##+#...........
#..............#
+.@5...........#
#..............#
#................#
:..######..........#
#.. #..........# #..
#.†........ ..
#......... #
########


You could see Grinder.

Vanquished Creatures
  An ogre (D:4)
  2 howler monkeys (D:3)
  A hound (D:3)
  2 orc priests
  Terence (D:2)
  An adder (D:2)
  4 gnolls (D:3)
  2 ribbon worms
  3 orcs
  4 bats
  An endoplasm (D:1)
  3 giant cockroaches
  4 goblins
  5 hobgoblins
  20 jackals
  3 kobolds
  A quokka (D:2)
  5 ball pythons
  5 frilled lizards (D:1)
  4 rats
72 creatures vanquished.

Notes
Turn   | Place    | Note
-------+----------+-------------------------------------------
     0 | D:1      | porpoise the Barachi Hunter began the quest for the Orb.
     0 | D:1      | Reached XP level 1. HP: 17/17 MP: 1/1
   136 | D:1      | Reached XP level 2. HP: 23/23 MP: 2/2
   577 | D:1      | Reached XP level 3. HP: 29/29 MP: 3/3
   671 | D:2      | Identified the +2 buckler of Untold Secrets {Int+4}
   695 | D:2      | Reached skill level 5 in Ranged Weapons
   695 | D:2      | Reached XP level 4. HP: 18/35 MP: 4/4
  1029 | D:2      | Noticed Terence
  1043 | D:2      | Killed Terence
  1226 | D:2      | Identified the +0 whip "Ziewen" {drain, +Blink rF+ rC+}
  1518 | D:3      | Reached XP level 5. HP: 38/42 MP: 5/5
  1865 | D:3      | Reached skill level 6 in Ranged Weapons
  1943 | D:3      | Reached XP level 6. HP: 49/49 MP: 6/6
  1979 | D:3      | Identified the +2 spear of the Thieving Wasp {protect, rN++
                  | rCorr}
  2248 | D:3      | Found an ornate altar of the Wu Jian Council.
  2804 | D:4      | Reached skill level 5 in Fighting
  2912 | D:4      | Noticed Grinder
  2936 | D:4      | Paralysed by Grinder for 2 turns
  3017 | D:4      | Paralysed by Grinder for 4 turns
  3040 | D:4      | Paralysed by Grinder for 4 turns
  3046 | D:4      | Killed from afar by Grinder

Illustrated notes

Levels and vault maps discovered:
D:1:      amcnicky_arrival_double_pillar, layout_basic,
          nicolae_kite_square_tiling_tiny
D:2:      cheibrodos_pilgrimage, layout_rooms, kennysheep_small_spiral,
          uniq_terence
D:3:      lemuel_castle_with_subvaults [lemuel_castle_interior_original],
          layout_basic, nicolae_wu_jian_immortal_techniques
D:4:      layout_gridville, overflow_temple_1_default, nicolae_zig_zag_zippers,
          uniq_grinder, uniq_eustachio

Skill      XL: |  1  2  3  4  5  6 |
---------------+-------------------+-----
Fighting       | 3 4 5 |  5.2
Ranged Weapons | 5 6 |  6.8
Dodging        | |  2.1
Stealth        | |  0.8

Action                     |  1- 3 |  4- 6 || total
---------------------------+-------+-------++-------
   Fire: Shortbow          |    67 |   217 ||   284
Ability: Hop               |     1 |       ||     1
 Armour: Leather armour    |     6 |       ||     6
         Ring mail         |    12 |    91 ||   103
         Skin              |       |     1 ||     1
  Dodge: Dodged            |    14 |    88 ||   102

Table legend: (Time is in decaauts)
 A = Elapsed time spent in this place.
 B = Non-inter-level travel time spent in this place.
 C = Inter-level travel time spent in this place.
 D = Time resting spent in this place.
 E = Time spent auto-exploring this place.
 F = Levels seen in this place.
 G = Mean time per level.
                   A        B        C        D        E       F      G
               +--------+--------+--------+--------+--------+-----+--------+
         Total |   3520 |   3333 |    187 |    550 |   1997 |   4 |  880.0 |
       Dungeon |   3520 |   3333 |    187 |    550 |   1997 |   4 |  880.0 |
               +--------+--------+--------+--------+--------+-----+--------+

Top non-repeatable levels by time:
     D:3: 1692 daAuts
     D:2: 872 daAuts
     D:1: 770 daAuts
     D:4: 185 daAuts
